 Dungeon Crawl Stone Soup version 0.32-a0-411-g744942f433 (webtiles) character file.

Game seed: 16134994985428702073

14 shadowstone the Vexing (level 2, 16/16 HPs)
             Began as a Kobold Hexslinger on Feb 20, 2024.
             Quit the game on level 1 of the Dungeon.
             The game lasted 00:01:04 (248 turns).

shadowstone the Vexing (Kobold Hexslinger)           Turns: 248, Time: 00:01:05

Health: 16/16      AC:  2    Str:  5    XL:     2   Next: 55%
Magic:  3/3        EV: 15    Int: 14    God:
Gold:   14         SH:  0    Dex: 17    Spells: 3/3 levels left

rFire   . . .        a - +1 sling
rCold   . . .        (no shield)
rNeg    . . .        c - +0 robe
rPois   .            (no helmet)
rElec   .            (no cloak)
rCorr   .            (no gloves)
SInv    .            (no boots)
Will    .....        (no amulet)
Stlth   +++          (no ring)
HPRegen 0.22/turn    (no ring)
MPRegen 0.08/turn

%: no passive effects
@: no status effects
A: small, no large weapons, nightstalker 3
a: no special abilities


You were on level 1 of the Dungeon.
You visited 1 branch of the dungeon, and saw 1 of its levels.

You collected 14 gold pieces.

Inventory:

Hand Weapons
 a - a +1 sling (weapon)
Armour
 c - a +0 robe (worn)
Scrolls
 b - 2 scrolls of poison
 d - a scroll of enchant weapon {unknown}
 e - a scroll of identify {unknown}


   Skills:
 + Level 1.2 Fighting
 + Level 3.2 Ranged Weapons
 + Level 2.4 Dodging
 + Level 1.1 Spellcasting
 + Level 3.4 Hexes
 + Level 1.0 Fire Magic


You had 3 spell levels left.
You didn't know any spells.
Your spell library contained the following spells:

 Spells                   Type           Power      Damage    Failure   Level
 Jinxbite                 Hex            20%        N/A       10%         2
 Sigil of Binding         Hex            10%        N/A       19%         3
 Inner Flame              Hex/Fire       7%         N/A       30%         3
 Cause Fear               Hex            5%         N/A       54%         4
 Dimensional Bullseye     Hex/Tloc       2%         N/A       77%         4


Dungeon Overview and Level Annotations

Branches:
Dungeon (1/15)

Altars:


Innate Abilities, Weirdness & Mutations

You are small and have problems with some larger weapons.
You are completely attuned to the shadows.


Message History

The sling bullet barely misses the kobold.
The kobold barely misses you.
You shoot a sling bullet.
The sling bullet closely misses the kobold.
The kobold barely misses you. x2
You shoot a sling bullet. The sling bullet hits the kobold!
You kill the kobold!
No target in view!
No target in view!
No target in view!
Things that are here:
a +0 short sword; a kobold corpse
Found Emaugek's Assorted Antiques.
The shop is a mimic!
The shop mimic gibbers darkly and vanishes in a puff of smoke!
Found 14 gold pieces and a scroll of poison.
You now have 14 gold pieces.
b - 2 scrolls of poison (gained 1)
Found a scroll labelled GUDOMO EZXEHAA.
Found an escape hatch in the floor.
A ball python comes into view.
A rat comes into view.
Found a sling.
You see here a scroll labelled GUDOMO EZXEHAA.
You see here a scroll labelled GUDOMO EZXEHAA.
e - a scroll labelled GUDOMO EZXEHAA The ball python hisses angrily.
You hear a loud squeak.
You shoot a sling bullet. The sling bullet hits the ball python.
You kill the ball python!
You see here a ball python corpse.
You shoot a sling bullet. The sling bullet hits the rat!
You kill the rat!
You see here a +0 sling.
Found a stone staircase leading down.
A ball python comes into view.
You shoot a sling bullet. The sling bullet hits the ball python.
You kill the ball python!
You see here a ball python corpse.
Found a stone staircase leading down.
Unknown command.
Are you sure you want to abandon this character and quit the game? (Confirm with "yes".)

......##..##...#
#.#.......
..####..##..##..
#.####....
#..##..###..
#..##.<# #.. #..#
#.#.## ..#
###..##..# #....#
#.# #..
..#####.#.######.#
..##
##..>##.......##.###
..
#..@......†......>##
###########.#.......
#.##.#.###
..........
##.###..### ##.##
#..# #..# #..##


There were no monsters in sight!

Vanquished Creatures
  4 ball pythons (D:1)
  2 endoplasms (D:1)
  A kobold (D:1)
  A rat (D:1)
8 creatures vanquished.

Notes
Turn   | Place    | Note
-------+----------+-------------------------------------------
     0 | D:1      | shadowstone the Kobold Hexslinger began the quest for the
                  | Orb.
     0 | D:1      | Reached XP level 1. HP: 12/12 MP: 2/2
    97 | D:1      | Reached XP level 2. HP: 16/16 MP: 3/3
   133 | D:1      | Found Emaugek's Assorted Antiques.
   248 | D:1      | Quit the game

Illustrated notes

Levels and vault maps discovered:
D:1:      lightli_iron_boxes, layout_rooms, serial_shops, shop,
          grunt_decor_one_mirror, hangedman_abyss_or_decor_stabs,
          hangedman_decor_growths

Skill      XL: |  1 |
---------------+----+-----
Ranged Weapons | 3 |  3.2
Fighting       | |  1.2
Dodging        | |  2.4
Spellcasting   | |  1.1
Hexes          | |  3.4
Fire Magic     | |  1.0

Action                     || total
---------------------------++-------
   Fire: Sling             ||    20
 Armour: Robe              ||     3
  Dodge: Dodged            ||     5

Table legend: (Time is in decaauts)
 A = Elapsed time spent in this place.
 B = Non-inter-level travel time spent in this place.
 C = Inter-level travel time spent in this place.
 D = Time resting spent in this place.
 E = Time spent auto-exploring this place.
 F = Levels seen in this place.
 G = Mean time per level.
                   A        B        C        D        E       F      G
               +--------+--------+--------+--------+--------+-----+--------+
         Total |    252 |    246 |      6 |      0 |     83 |   1 |  252.0 |
       Dungeon |    252 |    246 |      6 |      0 |     83 |   1 |  252.0 |
               +--------+--------+--------+--------+--------+-----+--------+

Top non-repeatable levels by time:
     D:1: 252 daAuts
